 Dungeon Crawl Stone Soup version 0.30-a0-424-g7412bad402 (webtiles) character file.

Game seed: 2563211992626933740

6 funkygono the Firebug (level 1, -1/13 HPs)
             Began as a Demonspawn Fire Elementalist on Dec 9, 2022.
             Slain by a quokka (3 damage)
             ... on level 1 of the Dungeon.
             The game lasted 00:00:26 (138 turns).

funkygono the Firebug (Demonspawn Fire Elementalist) Turns: 138, Time: 00:00:27

Health: -1/13      AC:  2    Str:  8    XL:     1   Next: 75%
Magic:  2/3        EV: 12    Int: 16    God:
Gold:   7          SH:  0    Dex: 13    Spells: 3/4 levels left

rFire   . . .      SeeInvis .    (no weapon)
rCold   . . .      Faith    .    (no shield)
rNeg    . . .      Spirit   .    a - +0 robe
rPois   .          Reflect  .    (no helmet)
rElec   .          Harm     .    (no cloak)
rCorr   .          Rampage  .    (no gloves)
Will    .....                    (no boots)
Stlth   ++........               (no amulet)
HPRegen 0.22/turn                (no ring)
MPRegen 0.08/turn                (no ring)

@: no status effects
A: no striking features
a: no special abilities


You were on level 1 of the Dungeon.
You visited 1 branch of the dungeon, and saw 1 of its levels.

You collected 7 gold pieces.

Inventory:

Armour
 a - a +0 robe (worn)
Potions
 b - a potion of magic


   Skills:
 + Level 1.9 Dodging
 - Level 1.7 Stealth
 + Level 2.1 Spellcasting
 + Level 1.0 Conjurations
 + Level 2.8 Fire Magic


You had 3 spell levels left.
You knew the following spells:

 Your Spells              Type           Power      Damage    Failure   Level
a - Foxfire               Conj/Fire      32%        2x1d5     9%          1

Your spell library contained the following spells:

 Spells                   Type           Power      Damage    Failure   Level
 Scorch                   Fire           20%        2d6       10%         2
 Inner Flame              Hex/Fire       6%         N/A       34%         3
 Kindle Blastsparks       Fire/Tloc/Air  8%         2d10      38%         3
 Flame Wave               Conj/Fire      8%         2d5       65%         4


Dungeon Overview and Level Annotations

Branches:
Dungeon (1/15)

Altars:


Message History

The foxfire hits the hobgoblin.
You kill the hobgoblin!
The foxfire hits the endoplasm.
The endoplasm is lightly wounded.
Casting: Foxfire (safe; 9% risk of failure)
Confirm with . or Enter, or press ? or * to list all spells.
You conjure some foxfire!
The foxfire hits the endoplasm.
The endoplasm is moderately wounded.
The foxfire hits the endoplasm.
The endoplasm is heavily wounded.
There is an open door here.
As you close the door, it creaks loudly!
You start resting.
Magic restored.
You open the door.
A quokka comes into view.
Casting: Foxfire (safe; 9% risk of failure)
Confirm with . or Enter, or press ? or * to list all spells.
You conjure some foxfire!
The endoplasm quivers.
The quokka bites you.
You barely miss the quokka. The quokka barely misses you.
You hit the quokka but do no damage. The quokka bites you.
The quokka bites you but does no damage.
Your foxfire dissipates!
The quokka attacks as you move away! The quokka barely misses you.
There is a staircase leading out of the dungeon here.
The quokka attacks as you move away! The quokka misses you.
The quokka bites you. The quokka attacks as you move away!
The quokka bites you.
* * * LOW HITPOINT WARNING * * *
You open the door. The quokka bites you.
* * * LOW HITPOINT WARNING * * *
The quokka barely misses you.
There is an open door here.
Casting: Foxfire (safe; 9% risk of failure)
Confirm with . or Enter, or press ? or * to list all spells.
You conjure some foxfire!
The quokka bites you.
You die...

#~~~~~#.#~~~÷~##........
#~~~~~#<#~~○~°#
#~~○~~#.#~~~~~#
#~~~~~#.#~~~~÷#
#~~#~~#.#~~#~~#
#~~~~~#.#~~~~~#
##○~~~#J#~~○~##
######r###### #@# #.vv#
#...... #.......
.......... .........#..
............. ...##.....
...


You could see an endoplasm and a quokka (ally target).

Vanquished Creatures
  A bat (D:1)
  An endoplasm (D:1)
  A goblin (D:1)
  A hobgoblin (D:1)
  A rat (D:1)
5 creatures vanquished.

Vanquished Creatures (others)
  13 foxfires (D:1)
13 creatures vanquished.

Grand Total: 18 creatures vanquished

Notes
Turn   | Place    | Note
-------+----------+-------------------------------------------
     0 | D:1      | funkygono the Demonspawn Fire Elementalist began the quest
                  | for the Orb.
     0 | D:1      | Reached XP level 1. HP: 13/13 MP: 3/3
   138 | D:1      | Slain by a quokka

Illustrated notes

Levels and vault maps discovered:
D:1:      saegor_arrival_miasma, layout_basic, ebering_ecumenical_altar_rust,
          minmay_tetromino_s4

Action                   || total
-------------------------++-------
Melee: Unarmed           ||     6
 Cast: Foxfire           ||     9
Armor: Robe              ||     4
Dodge: Dodged            ||     7

Table legend: (Time is in decaauts)
 A = Elapsed time spent in this place.
 B = Non-inter-level travel time spent in this place.
 C = Inter-level travel time spent in this place.
 D = Time resting spent in this place.
 E = Time spent auto-exploring this place.
 F = Levels seen in this place.
 G = Mean time per level.
                   A        B        C        D        E       F      G
               +--------+--------+--------+--------+--------+-----+--------+
         Total |    138 |    138 |      0 |     28 |     52 |   1 |  138.0 |
       Dungeon |    138 |    138 |      0 |     28 |     52 |   1 |  138.0 |
               +--------+--------+--------+--------+--------+-----+--------+

Top non-repeatable levels by time:
     D:1: 138 daAuts
